 Dungeon Crawl Stone Soup version 0.28.0 (webtiles) character file.

Game seed: 1728721520127238472

56 boopmooplesden the Covered (level 3, 0/33 HPs)
             Began as a Minotaur Fighter on Feb 15, 2022.
             Slain by a gnoll (5 damage)
             ... on level 2 of the Dungeon.
             The game lasted 00:03:05 (1106 turns).

boopmooplesden the Covered (Minotaur Fighter)       Turns: 1106, Time: 00:03:05

Health: 0/33       AC:  7    Str: 20    XL:     3   Next: 69%
Magic:  2/2        EV:  9    Int:  5    God:
Gold:   16         SH:  4    Dex: 11    Spells: 2/2 levels left

rFire   . . .      SeeInvis .   a - +0 war axe
rCold   . . .      Faith    .   c - +0 buckler
rNeg    . . .      Spirit   .   b - +0 scale mail
rPois   .          Reflect  .   (helmet restricted)
rElec   .          Harm     .   (no cloak)
rCorr   .          Rampage  .   (no gloves)
Will    .....                   (no boots)
Stlth   ..........              (no amulet)
HPRegen 0.11/turn               (no ring)
MPRegen 0.08/turn               (no ring)

@: no status effects
A: horns 2, retaliatory headbutt
a: no special abilities


You were on level 2 of the Dungeon.
You visited 1 branch of the dungeon, and saw 2 of its levels.

You collected 16 gold pieces.

Inventory:

Hand Weapons
 a - a +0 war axe (weapon)
Missiles
 e - 4 boomerangs (quivered)
Armour
 b - a +0 scale mail (worn)
 c - a +0 buckler (worn)
Potions
 d - a potion of might
 f - a potion of ambrosia {unknown}
 g - a potion of brilliance {unknown}
 h - a potion of curing {unknown}


   Skills:
 + Level 4.0 Fighting
 + Level 3.3 Axes
 + Level 0.5 Throwing
 + Level 4.4 Armour
 + Level 3.8 Shields


You had 2 spell levels left.
You didn't know any spells.
Your spell library was empty.

Dungeon Overview and Level Annotations

Branches:
Dungeon (2/15)

Altars:


Innate Abilities, Weirdness & Mutations

You have a pair of horns on your head.
You reflexively headbutt those who attack you in melee.


Message History

The gnoll hits you with a +0 club.
There is an open door here.
You slash the gnoll!
You kill the gnoll!
There is an open door, spattered with blood here.
You see here a +0 club.
The gnoll hits you from afar with a +0 spear.
The gnoll hits you but does no damage. The gnoll hits you with a +0 spear.
The gnoll hits you but does no damage.
You barely miss the gnoll. You slash the gnoll! You barely miss the gnoll.
The gnoll hits you with a +0 spear. You block the gnoll's attack.
The gnoll barely misses you. The gnoll hits you but does no damage.
You barely miss the gnoll. You hit the gnoll.
You kill the gnoll!
You hit the gnoll. The gnoll hits you but does no damage.
The gnoll hits you with a +0 club.
You closely miss the gnoll. You barely miss the gnoll.
The gnoll completely misses you. You furiously retaliate!
You headbutt the gnoll. The gnoll barely misses you. You furiously retaliate!
You headbutt the gnoll! The gnoll hits you but does no damage.
The gnoll hits you with a +0 spear!
You closely miss the gnoll. Your headbutt misses the gnoll.
The gnoll is heavily wounded.
You barely miss the gnoll. The gnoll hits you with a +0 spear.
You block the gnoll's attack.
You closely miss the gnoll.
The gnoll is heavily wounded.
You closely miss the gnoll. The gnoll hits you with a +0 spear.
The gnoll hits you with a +0 club.
* * * LOW HITPOINT WARNING * * *
The gnoll hits you with a +0 spear.
* * * LOW HITPOINT WARNING * * *
The gnoll hits you with a +0 club.
* * * LOW HITPOINT WARNING * * *
You hit the gnoll.
The gnoll is severely wounded.
You slash the gnoll!
You kill the gnoll!
The gnoll hits you with a +0 spear.
You die...

#.#+#####
#.......#
#.......#
#.......#
#.......#
#.......#
#......#
#.g)...#..
#.@.......
#).....#..
##)#####
#.#####
#....<#
#######


You could see a gnoll.

Vanquished Creatures
  3 gnolls (D:2)
  6 ball pythons (D:1)
  4 endoplasms (D:1)
  A giant cockroach (D:1)
  2 goblins (D:1)
  3 hobgoblins (D:1)
  6 jackals (D:1)
  2 kobolds (D:1)
  A bat (D:1)
  A frilled lizard (D:1)
  4 rats (D:1)
33 creatures vanquished.

Notes
Turn   | Place    | Note
-------+----------+-------------------------------------------
     0 | D:1      | boopmooplesden the Minotaur Fighter began the quest for the
                  | Orb.
     0 | D:1      | Reached XP level 1. HP: 19/19 MP: 0/0
   293 | D:1      | Reached XP level 2. HP: 27/27 MP: 1/1
   680 | D:1      | Reached XP level 3. HP: 32/33 MP: 2/2
  1106 | D:2      | Slain by a gnoll

Illustrated notes

Levels and vault maps discovered:
D:1:      amcnicky_arrival_underground_garden, layout_basic, minmay_pentomino_v4
D:2:      layout_basic, serial_shops, nicolae_shop_behind_doors,
          serial_park_tiny_1, uniq_terence

Skill      XL: |  1  2  3 |
---------------+----------+-----
Armour         | 4 |  4.4
Axes           | 3 |  3.3
Fighting       | 4 |  4.0
Throwing       | |  0.5
Shields        | |  3.8

Action                   || total
-------------------------++-------
Melee: War axe           ||    70
       Headbutt          ||     5
Throw: Boomerang         ||     7
Armor: Scale mail        ||    47
Dodge: Dodged            ||    37
Block: Buckler           ||    14
